 Dungeon Sprint DCSS version 0.29-a0-72-g1732ff48e7 (webtiles) character file.

Game seed: 15501397223043082501

1248 iguanaiguana the Cleaver (level 8, -6/80 HPs)
             Began as a Deep Dwarf Fighter on Feb 4, 2022.
             Was a Follower of Qazlal.
             Mangled by a demonic crawler (9 damage)
             ... in the Dungeon (Sprint I: "Red Sonja").
             The game lasted 00:03:55 (642 turns).

iguanaiguana the Cleaver (Deep Dwarf Fighter)        Turns: 642, Time: 00:03:56

Health: -6/80      AC: 12    Str: 22    XL:     8   Next: 26%
Magic:  11/11      EV: 11    Int:  9    God:    Qazlal [*.....]
Gold:   117        SH:  8    Dex: 12    Spells: 7/7 levels left

rFire   + . .      SeeInvis .   a - +0 war axe
rCold   . . .      Faith    .   c - +0 buckler
rNeg    . . .      Spirit   .   k - +1 ring mail {rF+}
rPois   .          Reflect  .   (no helmet)
rElec   .          Harm     .   f - +0 cloak
rCorr   .          Rampage  +   (no gloves)
Will    +....      NoTele   +   b - +1 pair of boots {rampage}
Stlth   +.........              (no amulet)
HPRegen 0.00/turn               (no ring)
MPRegen 0.12/turn               (no ring)

@: no status effects
A: damage resistance, heal wounds, sense surroundings 1, no regeneration
a: Heal Wounds, Renounce Religion


You were in the Dungeon.
You worshipped Qazlal.
Qazlal was aware of your devotion.
You visited 1 branch You collected 405 gold pieces.
You spent 288 gold pieces at shops.

Inventory:

Hand Weapons
 a - a +0 war axe (weapon)
Armour
 b - a +1 pair of boots of rampaging (worn)
 c - a +0 buckler (worn)
 f - a +0 cloak (worn)
 k - a +1 ring mail of fire resistance (worn)
Scrolls
 i - a scroll of summoning {unknown}
 j - a scroll of blinking
Potions
 h - 2 potions of magic


   Skills:
 + Level 7.6 Fighting
 + Level 13.1 Axes
 + Level 10.0 Armour
 - Level 1.8 Dodging
 - Level 1.2 Stealth
 + Level 7.6 Shields
 * Level 5.2 Invocations


You had 7 spell levels left.
You didn't know any spells.
Your spell library was empty.

Dungeon Overview and Level Annotations

Branches:
Dungeon (1/1)

Altars:
Cheibriados
Dithmenos
Elyvilon
Fedhas
Gozag
Hepliaklqana
Kikubaaqudgha
Makhleb
Nemelex Xobeh
Okawaru
Qazlal
Ru
Sif Muna
Trog
Uskayaw
Vehumet
Wu Jian
Xom
Yredelemnul
Zin
The Shining One
Jiyva
Lugonu

Shops:
D [


Innate Abilities, Weirdness & Mutations

You are resistant to damage.
You can heal yourself by infusing magical energy.
You passively map a small area around you.
You do not regenerate.


Message History

You hit the demonic crawler but do no damage.
The demonic crawler is almost dead.
You hit the demonic crawler.
The demonic crawler shrieks in warning!
The demonic crawler closely misses you.
The demonic crawler completely misses you.
The demonic crawler hits you!
You hit the demonic crawler but do no damage.
The demonic crawler is almost dead.
You slash the demonic crawler!
The demonic crawler hits you but does no damage.
The demonic crawler hits you! The demonic crawler hits you. x2
The demonic crawler misses you.
The demonic crawler completely misses you.
You hit the demonic crawler but do no damage.
The demonic crawler is almost dead.
You hit the demonic crawler but do no damage.
The demonic crawler hits you!
* * * LOW HITPOINT WARNING * * *
The demonic crawler hits you.
* * * LOW HITPOINT WARNING * * *
The demonic crawler barely misses you. The demonic crawler hits you.
* * * LOW HITPOINT WARNING * * *
The demonic crawler hits you. You block the demonic crawler's attack.
The demonic crawler barely misses you. The demonic crawler closely misses you.
The demonic crawler hits you!
* * * LOW HITPOINT WARNING * * *
You hit the demonic crawler but do no damage.
The demonic crawler is almost dead.
You hit the demonic crawler but do no damage.
The demonic crawler hits you but does no damage.
You block the demonic crawler's attack. x2
The demonic crawler closely misses you. You block the demonic crawler's attack.
The demonic crawler closely misses you.
You hit the demonic crawler but do no damage.
The demonic crawler is almost dead.
You barely miss the demonic crawler.
The demonic crawler shrieks in warning! x2
The demonic crawler hits you!
You die...

################## *
.#..'..#__#..')..# ,
, ,
.').#..'..'.)#..s##+#
'#####'#__####..@ss9#
, .#...#.####
#####s.+ ##..##[# , *
+## _##'#_.+ ,, , ,
..'..._# ≈ ,, , , ,
_##_.#+#* * * ,,,
_###+#, , , * ## *+**
, * ,,+ ,, * *


You could see 4 demonic crawlers and a gargoyle.

Vanquished Creatures
  2 kobold demonologists (D)
  A slime creature (D)
  Sigmund (D)
  A yak (D)
  A floating eye (D)
  An ogre (D)
  A jelly (D)
  Ijyb (D)
9 creatures vanquished.

Notes
Turn   | Place    | Note
-------+----------+-------------------------------------------
     0 | D        | iguanaiguana the Deep Dwarf Fighter began the quest for the
                  | Orb.
     0 | D        | Reached XP level 1. HP: 20/20 MP: 1/1
     2 | D        | Noticed Ijyb
     5 | D        | Paralysed by Ijyb for 4 turns
    11 | D        | Paralysed by Ijyb for 5 turns
    23 | D        | Paralysed by Ijyb for 7 turns
    40 | D        | Killed Ijyb
    41 | D        | Reached skill level 3 in Axes
    41 | D        | Reached skill level 5 in Armour
    41 | D        | Reached XP level 2. HP: 15/30 MP: 2/2
    41 | D        | Reached XP level 3. HP: 18/36 MP: 3/3
    55 | D        | Noticed an ogre
    59 | D        | Killed an ogre
    60 | D        | Reached skill level 5 in Axes
    60 | D        | Reached skill level 5 in Shields
    60 | D        | Reached XP level 4. HP: 3/45 MP: 4/4
   411 | D        | Noticed Sigmund
   418 | D        | Killed Sigmund
   419 | D        | Reached skill level 5 in Fighting
   419 | D        | Reached skill level 7 in Axes
   419 | D        | Reached XP level 5. HP: 29/55 MP: 5/5
   419 | D        | Reached XP level 6. HP: 33/62 MP: 6/6
   432 | D        | Found an ornate altar of the Wu Jian Council.
   432 | D        | Found a shimmering blue altar of Sif Muna.
   434 | D        | Found a radiant altar of Vehumet.
   439 | D        | Reached skill level 8 in Axes
   439 | D        | Reached skill level 1 in Dodging
   473 | D        | Found Puis's Antique Armour Emporium.
   473 | D        | Found an ancient bone altar of Kikubaaqudgha.
   473 | D        | Found a hazy altar of Hepliaklqana.
   473 | D        | Found a stormy altar of Qazlal.
   473 | D        | Found a hide-covered altar of Uskayaw.
   473 | D        | Found a blossoming altar of Fedhas.
   473 | D        | Found a bloodstained altar of Trog.
   473 | D        | Found an iron altar of Okawaru.
   473 | D        | Found a basalt altar of Yredelemnul.
   473 | D        | Found a glowing golden altar of the Shining One.
   473 | D        | Found a snail-covered altar of Cheibriados.
   473 | D        | Found a sacrificial altar of Ru.
   473 | D        | Found a glowing silver altar of Zin.
   473 | D        | Found a shadowy altar of Dithmenos.
   473 | D        | Found a white marble altar of Elyvilon.
   473 | D        | Noticed a yak
   490 | D        | Killed a yak
   491 | D        | Reached skill level 10 in Axes
   491 | D        | Reached skill level 1 in Stealth
   491 | D        | Found an opulent altar of Gozag.
   492 | D        | Found a sparkling altar of Nemelex Xobeh.
   495 | D        | Became a worshipper of Qazlal Stormbringer
   503 | D        | Bought a pair of glowing boots for 180 gold pieces
   508 | D        | Bought a cloak for 108 gold pieces
   525 | D        | Found a burning altar of Makhleb.
   525 | D        | Found a viscous altar of Jiyva.
   525 | D        | Found a shimmering altar of Xom.
   525 | D        | Found a corrupted altar of Lugonu.
   525 | D        | Noticed a slime creature
   532 | D        | Killed a slime creature
   533 | D        | Reached skill level 11 in Axes
   533 | D        | Reached XP level 7. HP: 36/70 MP: 7/7
   547 | D        | Noticed a kobold demonologist
   547 | D        | Noticed a kobold demonologist
   557 | D        | Noticed a soul eater
   560 | D        | Killed a kobold demonologist
   560 | D        | Reached * piety under Qazlal
   561 | D        | Reached skill level 12 in Axes
   561 | D        | Killed a kobold demonologist
   562 | D        | Reached skill level 13 in Axes
   562 | D        | Reached skill level 10 in Armour
   562 | D        | Reached skill level 5 in Invocations
   562 | D        | Reached XP level 8. HP: 20/80 MP: 7/11
   612 | D        | Noticed a demonic crawler
   612 | D        | Noticed a demonic crawler
   612 | D        | Noticed a demonic crawler
   612 | D        | Noticed a demonic crawler
   617 | D        | Noticed a gargoyle
   640 | D        | HP: 3/80 [demonic crawler (8)]
   642 | D        | Mangled by a demonic crawler

Illustrated notes

Levels and vault maps discovered:
D:        dungeon_sprint_1 [red_sonja_temple_1, red_sonja_temple_small_1]

Skill      XL: |  1  2  3  4  5  6  7 |
---------------+----------------------+-----
Fighting       | 3 4 5 6 7 |  7.6
Axes           | 3 5 7 11 13 | 13.1
Armour         | 5 6 8 9 10 | 10.0
Shields        | 4 5 6 7 |  7.6
Dodging        | 1 |  1.8
Stealth        | 1 |  1.2
Invocations    | 5 |  5.2

Action                   |  1- 3 |  4- 6 |  7- 9 || total
-------------------------+-------+-------+-------++-------
Melee: War axe           |    27 |    32 |    37 ||    96
 Abil: Heal Wounds       |       |     1 |     6 ||     7
  Use: Potion            |     1 |     2 |     2 ||     5
Armor: Scale mail        |    13 |       |       ||    13
       Ring mail         |       |     6 |    38 ||    44
Dodge: Dodged            |     5 |     6 |    54 ||    65
Block: Buckler           |     3 |    10 |    34 ||    47

Table legend: (Time is in decaauts)
 A = Elapsed time spent in this place.
 B = Non-inter-level travel time spent in this place.
 C = Inter-level travel time spent in this place.
 D = Time resting spent in this place.
 E = Time spent auto-exploring this place.
 F = Levels seen in this place.
 G = Mean time per level.
                   A        B        C        D        E       F      G
               +--------+--------+--------+--------+--------+-----+--------+
         Total |    644 |    644 |      0 |    388 |     58 |   1 |  644.0 |
       Dungeon |    644 |    644 |      0 |    388 |     58 |   1 |  644.0 |
               +--------+--------+--------+--------+--------+-----+--------+

Top non-repeatable levels by time:
       D: 644 daAuts
